 Dungeon Crawl Stone Soup version 0.19-a0-1886-gd64a0f0 (webtiles) character file.

25538 stebl the Thaumaturge (level 13, 0/82 HPs)
             Began as a Gargoyle Earth Elementalist on Oct 15, 2016.
             Was an Elder of Vehumet.
             Slain by a death yak (13 damage)
             ... on level 3 of the Lair of Beasts on Oct 16, 2016.
             The game lasted 01:25:07 (20248 turns).

stebl the Thaumaturge (GrEE)                       Turns: 20248, Time: 01:25:07

Health: 0/82       AC: 18    Str: 12    XL:     13   Next: 20%
Magic:  2/30       EV: 16    Int: 24    God:    Vehumet [****..]
Gold:   647        SH:  0    Dex: 10    Spells: 4 memorised, 28 levels left

rFire  . . .     SeeInvis .     a - staff of earth
rCold  . . .     Gourm    +     C - +2 robe {Archmagi}
rNeg   + . .     Faith    .     (no shield)
rPois  ∞         Spirit   .     F - +0 helmet
rElec  +         Dismiss  .     y - +0 cloak
rCorr  .         Reflect  .     o - +1 pair of gloves
MR     .....     Harm     .     A - +0 pair of boots
Stlth  ++........               l - amulet of the gourmand
                                c - +3 ring of intelligence
                                t - +4 ring of evasion

@: no status effects
A: negative energy resistance 1, electricity resistance, unbreathing,
petrification resistance, rot immunity, AC +9
a: Renounce Religion


You were on level 3 of the Lair of Beasts.
You worshipped Vehumet.
Vehumet was greatly pleased with you.
You were very full.

You visited 3 branches of the dungeon, and saw 14 of its levels.
You also visited: Labyrinth and Bailey.

You collected 647 gold pieces.

Inventory:

Missiles
 b - 282 stones (quivered)
Armour
 o - a +1 pair of gloves (worn)
 y - a +0 cloak (worn)
 A - a +0 pair of boots (worn)
 C - a +2 robe of the Archmagi (worn)
 F - a +0 helmet (worn)
Magical Staves
 a - an uncursed staff of earth (weapon)
Jewellery
 c - a +3 ring of intelligence (right hand)
 l - an amulet of the gourmand (around neck)
 p - the ring "Akkif" {rF+ Int+2 Dex-4 Slay+3}
   (You found it in a labyrinth)

   [ring of protection from fire]

   It affects your intelligence (+2).
   It affects your dexterity (-4).
   It affects your accuracy and damage with ranged weapons and melee attacks
   (+3).
   It protects you from fire.
 t - a +4 ring of evasion (left hand)
 u - a +5 ring of dexterity
 P - a -3 ring of intelligence
Wands
 g - a wand of digging (3/24)
 s - a wand of lightning (0/15)
 x - a wand of acid (0/15)
 B - a wand of confusion (29/48)
 I - a wand of paralysis (14/24)
 L - a wand of flame (16/48)
Scrolls
 k - a scroll of fog
 r - 5 scrolls of amnesia
 E - a scroll of teleportation
 G - a scroll of recharging
 H - 2 scrolls of enchant armour
 J - a scroll of silence {unknown}
 K - a scroll of vulnerability {unknown}
 N - 2 scrolls of enchant weapon
 S - a scroll of identify
Potions
 e - 2 potions of agility
 f - a potion of resistance
 m - 4 potions of curing
 n - 2 potions of flight
 q - a potion of heal wounds
 v - a potion of magic
 z - 2 potions of cancellation
 M - a potion of cure mutation {unknown}
 O - a potion of ambrosia {unknown}
 Q - a potion of might {unknown}
Books
 j - a book of Dreams

   Spells                             Type                      Level
   a - Ensorcelled Hibernation        Hexes/Ice                    2
   b - Silence                        Hexes/Air                    5
   c - Darkness                       Hexes                        6
   d - Shadow Creatures               Summoning                    6
Miscellaneous
 D - a fan of gales
Comestibles
 d - 10 bread rations
 h - 15 fruits
 i - 2 slices of pizza
 w - 2 meat rations


   Skills:
 * Level 9.8 Fighting
   Level 0.2(3.4) Maces & Flails
 * Level 5.7 Staves
 - Level 1.5 Dodging
 - Level 2.1 Stealth
 - Level 13.0 Spellcasting
 - Level 8.2 Conjurations
   Level 0.7 Transmutations
 - Level 0.8 Ice Magic
 - Level 11.0 Earth Magic
 * Level 5.1 Evocations


You had 28 spell levels left.
You knew the following spells:

 Your Spells              Type           Power        Failure   Level  Hunger
a - Sandblast             Erth           ######       1%          1    None
b - Stone Arrow           Conj/Erth      ######       1%          3    None
c - Freeze                Ice            ####         1%          1    None
e - Lee's Rapid Deconstr  Erth           ########..   1%          5    ###....


Dungeon Overview and Level Annotations

Branches:
Dungeon (9/15)             Temple (1/1) D:4            Lair (4/6) D:9
  Swamp (0/4) Lair:2       Spider (0/4) Lair:2
    Orc: D:9-12

Altars:
Ashenzari
Cheibriados
Dithmenos
Elyvilon
Fedhas
Gozag
Hepliaklqana
Kikubaaqudgha
Makhleb
Nemelex Xobeh
Okawaru
Qazlal
Ru
Sif Muna
Trog
Uskayaw
Vehumet
Xom
Yredelemnul
Zin
The Shining One

Annotations:
Lair:1 Erica


Innate Abilities, Weirdness & Mutations

You are resistant to torment.
Your stone body is resilient. (AC +9)
You are immune to poison.
You resist negative energy. (rN+)
You are resistant to electric shocks. (rElec)
You can survive without breathing.
You are immune to petrification.
You are immune to rotting.


Message History

You hit the death yak but do no damage. You crush the death yak!
The death yak is severely wounded.
The death yak gores you but does no damage.
You hit the death yak but do no damage.
The death yak is severely wounded.
The death yak gores you!
You hit the death yak but do no damage.
The death yak is severely wounded.
The death yak misses you.
You hit the death yak but do no damage. You crush the death yak!
The death yak is almost dead.
The death yak gores you!!
* * * LOW HITPOINT WARNING * * *
You hit the death yak but do no damage. You crush the death yak!
The death yak is almost dead.
The death yak gores you but does no damage.
You hit the death yak but do no damage.
The death yak is almost dead.
The death yak gores you!
You die...

..........................##
..........................#
..........#.#......>......##
#..#.#..#####...#########.P#
.#####..######..# #..#
######....##....# ##.##
..#.P#...#..#..># #P÷#
...............[## ##.#
#..#.P####P###.Y@# ###
####### ### #####


You could see a death yak.

Vanquished Creatures
  A minotaur (Lab)
  The ghost of ProzacElf the Basher, a journeyman NaAE of Ru (Lair:1)
  3 hydras
  5 death yaks
  An unseen horror (D:9)
  Pikel (D:6)
  An orb spider (Lair:2)
  An elephant (Lair:3)
  5 spiny frogs
  A troll (D:8)
  A two-headed ogre (D:9)
  7 blink frogs
  A hornet (Lair:2)
  Prince Ribbit (D:8)
  2 hippogriffs
  3 wyverns
  25 yaks
  Grum (D:9)
  A hungry ghost (D:9)
  3 basilisks
  7 water moccasins
  Duvessa (D:5)
  3 orc warriors
  11 porcupines
  2 sky beasts (D:9)
  A swamp drake (Lair:2)
  A slave (D:7)
  3 phantoms
  A black bear (D:7)
  3 centaurs
  11 crocodiles
  A necrophage (D:6)
  7 ogres
  3 wolves
  9 bullfrogs
  A wyvern skeleton (D:9)
  Dowan (D:5)
  4 scorpions
  14 wights
  18 killer bees
  A howler monkey (D:9)
  A centaur zombie (D:7)
  A quasit (D:9)
  4 crimson imps
  4 hounds
  4 jellies
  6 orc wizards
  Crazy Yiuf (D:2)
  4 orc priests
  Terence (D:2)
  Jessica (D:3)
  2 iguanas
  5 worker ants
  Natasha (thrice) (D:3)
  2 hound skeletons
  A worker ant zombie (D:9)
  A howler monkey zombie (D:7)
  3 river rats (D:9)
  11 adders
  4 gnolls (D:2)
  A shadow imp (D:6)
  6 oozes
  An adder skeleton (D:8)
  3 worms
  A dart slug (D:3)
  A leopard gecko (D:2)
  46 orcs
  4 giant cockroaches
  9 goblins
  10 hobgoblins
  11 jackals
  2 quokkas
  3 ball pythons
  9 bats
  2 frilled lizards
  A jackal zombie (D:7)
  11 kobolds
  A quokka skeleton (D:8)
  A quokka zombie (D:5)
  11 rats
  A fungus (Lair:4)
362 creatures vanquished.

Vanquished Creatures (others)
  A slave (D:7)
  An ogre (D:7)
  A worker ant (D:7)
  3 fungi
  10 plants
16 creatures vanquished.

Grand Total: 378 creatures vanquished

Notes
Turn   | Place    | Note
-------+----------+-------------------------------------------
     0 | D:1      | stebl the Gargoyle Earth Elementalist began the quest for the Orb.
     0 | D:1      | Reached XP level 1. HP: 10/10 MP: 3/3
   366 | D:1      | Reached XP level 2. HP: 7/15 MP: 0/5
  1113 | D:1      | Reached XP level 3. HP: 14/19 MP: 4/7
  1327 | D:2      | Reached skill level 3 in Spellcasting
  1327 | D:2      | Reached XP level 4. HP: 24/24 MP: 4/8
  1501 | D:2      | Reached skill level 5 in Earth Magic
  1817 | D:2      | Learned a level 3 spell: Stone Arrow
  1838 | D:2      | Noticed Terence
  1847 | D:2      | Killed Terence
  1847 | D:2      | Reached XP level 5. HP: 28/28 MP: 3/10
  1972 | D:2      | Found a runed door.
  2517 | D:3      | Reached skill level 4 in Spellcasting
  2524 | D:3      | Noticed Jessica
  2561 | D:3      | Noticed Natasha
  2564 | D:3      | Killed Natasha
  2708 | D:3      | Noticed Natasha
  2712 | D:3      | Killed Natasha
  2712 | D:3      | Reached XP level 6. HP: 32/32 MP: 9/12
  3010 | D:3      | Noticed Natasha
  3018 | D:3      | Killed Natasha
  3456 | D:4      | Found a staircase to the Ecumenical Temple.
  3460 | Temple   | Entered the Ecumenical Temple
  3657 | D:4      | Reached skill level 1 in Fighting
  3761 | D:3      | Killed Jessica
  3864 | D:2      | Noticed Crazy Yiuf
  3870 | D:2      | Killed Crazy Yiuf
  3870 | D:2      | Reached XP level 7. HP: 38/38 MP: 8/14
  4084 | D:4      | Learned a level 5 spell: Lee's Rapid Deconstruction
  4228 | D:4      | Reached skill level 5 in Spellcasting
  4541 | D:5      | Entered Level 5 of the Dungeon
  4673 | D:4      | Reached XP level 8. HP: 45/45 MP: 3/16
  5084 | D:5      | Reached skill level 6 in Spellcasting
  5235 | D:5      | Noticed Duvessa
  5236 | D:5      | Noticed Dowan
  5245 | D:5      | Killed Dowan
  5262 | D:5      | Killed Duvessa
  5867 | D:5      | Found a shattered altar of Ashenzari.
  6238 | D:6      | Reached skill level 7 in Spellcasting
  6676 | D:6      | Reached XP level 9. HP: 52/52 MP: 1/19
  7041 | D:6      | Found a shadowy altar of Dithmenos.
  7344 | D:6      | Reached skill level 5 in Fighting
  7828 | D:7      | Found a flagged portal.
  7837 | Bailey   | Entered a bailey
  8237 | D:7      | Found a deep blue altar of Sif Muna.
  8314 | D:7      | Noticed Pikel
  8328 | D:6      | Killed Pikel
  8328 | D:6      | Reached skill level 8 in Spellcasting
  8328 | D:6      | Reached skill level 1 in Conjurations
  8328 | D:6      | Reached skill level 10 in Earth Magic
  8603 | Temple   | Became a worshipper of Vehumet
  9558 | D:8      | Reached XP level 10. HP: 59/59 MP: 16/22
  9737 | D:8      | Found a bloodstained altar of Trog.
  9738 | D:8      | Noticed Prince Ribbit
  9760 | D:8      | Killed Prince Ribbit
  9760 | D:8      | Reached skill level 9 in Spellcasting
 10453 | D:8      | Reached * piety under Vehumet
 10453 | D:8      | Offered knowledge of Freeze by Vehumet.
 10473 | D:8      | Learned a level 1 spell: Freeze
 11139 | D:9      | Found a staircase to the Lair.
 11162 | D:9      | Reached skill level 5 in Conjurations
 11388 | D:9      | Reached skill level 10 in Spellcasting
 11664 | D:9      | Noticed Grum
 11679 | D:9      | Killed Grum
 11679 | D:9      | Reached XP level 11. HP: 65/66 MP: 2/25
 11899 | D:9      | Reached ** piety under Vehumet
 11964 | D:9      | Offered knowledge of Flame Tongue by Vehumet.
 12667 | D:9      | Offered knowledge of Inner Flame by Vehumet.
 13561 | D:9      | Killed an unseen horror
 13669 | D:9      | Reached *** piety under Vehumet
 13922 | D:9      | Identified a scroll of acquirement
 13986 | Lair:1   | Entered Level 1 of the Lair of Beasts
 14078 | Lair:1   | Found a labyrinth entrance.
 14084 | Lair:1   | Reached skill level 11 in Spellcasting
 14113 | Lab      | Entered a labyrinth
 14344 | Lab      | Noticed a minotaur
 14375 | Lab      | Killed a minotaur
 14421 | Lab      | Got a scorched steel ring
 14428 | Lab      | Identified the ring "Akkif" {rF+ Int+2 Dex-4 Slay+3} (You found it in a labyrinth)
 14710 | Lair:1   | Noticed a four-headed hydra
 14714 | Lair:1   | Killed a four-headed hydra
 14714 | Lair:1   | Reached skill level 1 in Staves
 14770 | Lair:1   | Reached skill level 1 in Evocations
 14933 | Lair:1   | Noticed ProzacElf's ghost (journeyman NaAE)
 14955 | Lair:1   | Killed ProzacElf's ghost
 15137 | Lair:1   | Noticed Erica
 15386 | Lair:1   | Reached XP level 12. HP: 73/73 MP: 17/27
 15891 | Lair:1   | Noticed an eight-headed hydra
 15896 | Lair:1   | Killed an eight-headed hydra
 16274 | Lair:2   | Reached skill level 12 in Spellcasting
 16415 | Lair:2   | Offered knowledge of Ignite Poison by Vehumet.
 16487 | Lair:2   | Found a staircase to the Swamp.
 16602 | Lair:2   | Found a hole to the Spider Nest.
 18009 | Lair:3   | Reached **** piety under Vehumet
 18300 | Lair:3   | Offered knowledge of Yara's Violent Unravelling by Vehumet.
 19259 | Lair:4   | Noticed a seven-headed hydra
 19275 | Lair:3   | Killed a seven-headed hydra
 19275 | Lair:3   | Reached skill level 13 in Spellcasting
 19641 | Lair:4   | Noticed a death yak
 19731 | Lair:4   | Noticed a death yak
 19743 | Lair:4   | Killed a death yak
 19743 | Lair:4   | Reached XP level 13. HP: 75/80 MP: 14/30
 19750 | Lair:3   | Reached skill level 5 in Staves
 20224 | Lair:3   | Reached skill level 5 in Evocations
 20248 | Lair:3   | Slain by a death yak

Vault maps used:
D:1:      dpeg_arrival_concentric_ovals, minmay_octomino_c4
D:2:      first_bread, corexii_corridor_pit, uniq_terence,
          uniq_crazy_yiuf_cottage
D:3:      uniq_jessica, uniq_natasha
D:4:      minmay_quantized
D:5:      cheibrodos_ashenzari_chains, uniq_duvessa
D:6:      grunt_dithmenos_shadows
D:7:      basic_altar, enter_bailey_2, uniq_pikel
D:8:      hangedman_little_slice_of_home, trog_three_pillars_becter,
          uniq_prince_ribbit1
D:9:      minmay_lair_entry_grove, kennysheep_generic_room_8, uniq_grum
Temple:   regret_index_temple_sigil_plot
Lair:1:   lab_entry_generic, infiniplex_staircase_pool_2, uniq_erica
Lair:2:   minmay_swamp_entry_reptiles, nicolae_spider_entry_orb_guardian,
          grunt_megastairs_2, serial_bayou_shore_b
Lair:3:   minivault_24, guppyfry_lair_drakes
Lair:4:   uniq_snorg
Lab:      labyrinth_mini_lab
Bailey:   bailey_polearm_5, bailey

Skill      XL: |  1  2  3  4  5  6  7  8  9 10 11 12 13 |
---------------+----------------------------------------+-----
Earth Magic    | 4 5 6 7 9 10 11 | 11.0
Spellcasting   | 3 4 5 7 8 10 11 13 | 13.0
Fighting       | 1 2 4 5 6 7 9 |  9.8
Conjurations   | 2 6 8 |  8.2
Staves         | 2 4 5 |  5.7
Evocations     | 1 4 5 |  5.1
Maces & Flails | |  0.2
Dodging        | |  1.5
Stealth        | |  2.1
Transmutations | |  0.7
Ice Magic      | |  0.8

Action                   |  1- 3 |  4- 6 |  7- 9 | 10-12 | 13-15 || total
-------------------------+-------+-------+-------+-------+-------++-------
Melee: Unarmed           |     6 |       |       |       |       ||     6
       Club              |     1 |       |       |       |       ||     1
       Whip              |       |       |    37 |    48 |       ||    85
       Staff             |       |       |       |    35 |    22 ||    57
 Cast: Sandblast         |    49 |   132 |   103 |    82 |       ||   366
       Stone Arrow       |       |       |    87 |   321 |    36 ||   444
       Lee's Rapid Decon |       |       |     8 |    16 |       ||    24
       Freeze            |       |       |       |     4 |       ||     4
Evoke: Wand              |       |     3 |    11 |     7 |       ||    21
  Use: Scroll            |     4 |     4 |     4 |    15 |       ||    27
       Potion            |       |       |     1 |     2 |     2 ||     5
 Stab: Paralysed         |       |       |       |    10 |       ||    10
  Eat: Chunk             |     2 |     7 |    10 |    44 |     1 ||    64
       Meat ration       |       |       |     2 |       |       ||     2
       Royal jelly       |       |       |     1 |       |       ||     1
       Pizza             |       |       |       |     1 |       ||     1
Armor: Robe              |    31 |    13 |    38 |    87 |    21 ||   190
Dodge: Dodged            |    53 |    60 |   127 |   195 |    34 ||   469
